 Dungeon Crawl Stone Soup version 0.22.1-1-ga44c0e5 (webtiles) character file.

1290 gbos the Ruffian (level 8, -7/74 HPs)
             Began as a Pale Draconian Transmuter on Oct 2, 2018.
             Was an Initiate of Makhleb.
             Mangled by a troll (9 damage)
             ... on level 5 of the Dungeon.
             The game lasted 00:13:59 (6361 turns).

gbos the Ruffian (Pale Draconian Transmuter)        Turns: 6361, Time: 00:14:00

Health: -7/74      AC:  7    Str: 13    XL:     8   Next: 30%
Magic:  8/11       EV: 12    Int: 16    God:    Makhleb [......]
Gold:   332        SH:  0    Dex: 11    Spells: 8/11 levels left

rFire    + . .     SeeInvis .     - Unarmed
rCold    . . .     Gourm    .   (no shield)
rNeg     . . .     Faith    .   (armour unavailable)
rPois    .         Spirit   .   (helmet restricted)
rElec    .         Reflect  .   g - +0 cloak
rCorr    .         Harm     .   (no gloves)
MR       +....                  (no boots)
Stlth    +.........             (no amulet)
HPRegen  0.22/turn              i - ring of protection from magic
MPRegen  0.12/turn              t - ring of protection from fire

@: no status effects
A: breathe steam, unfitting armour, cold-blooded, AC +6
a: Breathe Steam, Renounce Religion


You were on level 5 of the Dungeon.
You worshipped Makhleb.
Makhleb was noncommittal.
You were not hungry.

You visited 2 branches of the dungeon, and saw 7 of its levels.

You collected 332 gold pieces.

Inventory:

Missiles
 a - 54 arrows
Armour
 g - a +0 cloak (worn)
Jewellery
 i - a ring of protection from magic (left hand)
 m - an uncursed amulet of magic regeneration
 p - an uncursed amulet of harm {unknown}
 t - a ring of protection from fire (right hand)
 v - a +3 amulet of reflection {unknown}
Wands
 b - a wand of polymorph (20)
 q - a wand of flame (27)
 x - a wand of iceblast (10)
Scrolls
 h - a scroll of fear
 j - 4 scrolls of teleportation
 s - 3 scrolls of enchant armour
 u - 4 scrolls of remove curse
Potions
 d - 2 potions of lignification
 f - 2 potions of brilliance
 k - a potion of might
 l - 2 potions of magic
 n - a potion of resistance
 r - a potion of degeneration
 w - 2 potions of curing
Comestibles
 c - 11 rations


   Skills:
 + Level 7.8 Fighting
 - Level 1.7 Dodging
 + Level 7.8 Unarmed Combat
 - Level 2.0 Spellcasting
 - Level 2.0 Transmutations


You had 8 spell levels left.
You knew the following spells:

 Your Spells              Type           Power        Failure   Level  Hunger
a - Beastly Appendage     Tmut           #.....       9%          1    #......
b - Sticks to Snakes      Tmut           #.......     14%         2    ###....

Your spell library contained the following spells:

 Spells                   Type           Power        Failure   Level  Hunger
 Spider Form              Tmut/Pois      #.........   38%         3    ###....
 Ice Form                 Ice/Tmut       #.......     80%         4    #####..
 Blade Hands              Tmut           #.........   94%         5    ######.


Dungeon Overview and Level Annotations

Branches:
Dungeon (6/15)             Temple (1/1) D:5

Altars:
Cheibriados
Dithmenos
Fedhas
Hepliaklqana
Kikubaaqudgha
Makhleb
Nemelex Xobeh
Okawaru
Qazlal
Ru
Sif Muna
Trog
Uskayaw
Wu Jian
Xom
Yredelemnul
The Shining One


Innate Abilities, Weirdness & Mutations

You can breathe blasts of scalding, opaque steam.
Your pale cyan-grey scales are hard. (AC +6)
You cannot fit into any form of body armour.
You are cold-blooded and may be slowed by cold attacks.


Message History

Anything else - Cancel.
Gang up on whom?
Press: ? - help, Dir - move target cursor, f - troll
Aim: a troll Attack!
Your adder bites the troll but does no damage.
Your adder bites the troll but does no damage.
All of the chunks of flesh in your inventory have rotted away.
Evoke which item? (* to show all) (? for menu, Esc to quit)
Aiming: Corrosive Bolt
Press: ? - help, Shift-Dir - straight line, f/p - troll
Aim: a troll The bolt of acid hits the troll.
The troll is splashed with acid.
The acid corrodes the troll!
The troll is heavily wounded.
The now-empty wand crumbles to dust.
The troll bites you!
* * * LOW HITPOINT WARNING * * *
The troll claws you but does no damage. The troll claws you!
You die...

######### #.......#
#....@..###
#..#.#T...#
#.....S...#
##.#.#....####
#...........#########
#####)..............)
#.....#.#.#.#.###
#.............# #
#>....#.#.#.#.###


You could see a troll and a friendly adder.

Vanquished Creatures
  Duvessa (D:4)
  A phantom (D:3)
  A sky beast (D:5)
  An ice beast (D:5)
  An ogre (D:5)
  A centaur (D:5)
  2 bullfrogs
  Dowan (D:4)
  A scorpion (D:4)
  A howler monkey (D:3)
  A crimson imp (D:5)
  A hound (D:4)
  2 bullfrog skeletons
  2 orc wizards (D:4)
  Ijyb (D:4)
  2 worker ants
  Terence (D:3)
  A hound skeleton (D:4)
  A howler monkey zombie (D:4)
  7 gnolls
  5 adders
  2 worms (D:2)
  3 leopard geckos (D:1)
  9 orcs
  2 giant cockroaches
  11 goblins
  6 hobgoblins
  5 jackals
  6 bats
  4 frilled lizards
  A jackal zombie (D:6)
  5 kobolds
  2 quokka skeletons
  6 rats
97 creatures vanquished.

Vanquished Creatures (collateral kills)
  A worker ant (D:4)
  An orc (D:5)
2 creatures vanquished.

Grand Total: 99 creatures vanquished

Notes
Turn   | Place    | Note
-------+----------+-------------------------------------------
     0 | D:1      | gbos the Draconian Transmuter began the quest for the Orb.
     0 | D:1      | Reached XP level 1. HP: 16/16 MP: 3/3
   330 | D:1      | Reached XP level 2. HP: 23/24 MP: 3/5
   718 | D:2      | Found a sparkling altar of Nemelex Xobeh.
   718 | D:2      | Found a transporter.
   719 | D:2      | Noticed a hippogriff
   857 | D:2      | Reached XP level 3. HP: 5/30 MP: 4/6
  1135 | D:3      | Noticed Terence
  1143 | D:3      | Killed Terence
  1305 | D:2      | Found a shadowy altar of Dithmenos.
  1328 | D:2      | Learned a level 2 spell: Sticks to Snakes
  1596 | D:3      | Reached XP level 4. HP: 38/38 MP: 5/7
  2403 | D:2      | Found a snail-covered altar of Cheibriados.
  2443 | D:2      | Reached XP level 5. HP: 29/46 MP: 6/8
  3361 | D:4      | Noticed Duvessa
  3370 | D:3      | Reached skill level 5 in Unarmed Combat
  3409 | D:4      | Noticed a phantom
  3483 | D:3      | Killed a phantom
  3483 | D:3      | Reached XP level 6. HP: 6/55 MP: 4/9
  3786 | D:4      | Noticed Dowan
  3793 | D:3      | Reached skill level 5 in Fighting
  3816 | D:4      | Killed Duvessa
  3823 | D:4      | Killed Dowan
  4028 | D:4      | Your scales start taking on a pale cyan-grey colour.
  4028 | D:4      | Reached XP level 7. HP: 52/62 MP: 6/10
  4033 | D:4      | Noticed Ijyb
  4418 | D:4      | Found a stormy altar of Qazlal.
  4577 | D:4      | HP: 3/64 [acid (15)]
  4586 | D:4      | Killed Ijyb
  5070 | D:5      | Entered Level 5 of the Dungeon
  5173 | D:5      | Found a staircase to the Ecumenical Temple.
  5185 | Temple   | Entered the Ecumenical Temple
  5200 | Temple   | Became a worshipper of Makhleb the Destroyer
  5264 | D:5      | Reached XP level 8. HP: 49/73 MP: 9/11
  6333 | D:6      | Noticed a troll
  6361 | D:5      | HP: 2/74 [troll (12)]
  6361 | D:5      | Mangled by a troll

Skill      XL: |  1  2  3  4  5  6  7 |
---------------+----------------------+-----
Fighting       | 2 3 4 5 7 |  7.8
Unarmed Combat | 4 5 6 7 |  7.8
Dodging        | |  1.7
Spellcasting   | |  2.0
Transmutations | |  2.0

Action                   |  1- 3 |  4- 6 |  7- 9 || total
-------------------------+-------+-------+-------++-------
Melee: Unarmed           |    97 |   154 |   155 ||   406
       Headbutt          |     7 |     9 |    13 ||    29
       Tailslap          |     7 |    18 |    13 ||    38
       Kick              |     3 |    19 |    20 ||    42
       Punch             |     1 |     1 |     2 ||     4
 Cast: Beastly Appendage |    24 |    36 |    29 ||    89
       Sticks to Snakes  |     1 |     5 |     7 ||    13
Evoke: Wand              |       |     1 |     1 ||     2
  Use: Scroll            |     7 |     5 |     5 ||    17
       Potion            |     4 |     1 |     2 ||     7
  Eat: Chunk             |     3 |     9 |     3 ||    15
       Ration            |       |       |     2 ||     2
Armor: Skin              |    20 |    35 |    55 ||   110
Dodge: Dodged            |    43 |    81 |   106 ||   230
